 Dungeon Crawl Stone Soup version 0.31-a0-142-g31f6795574 (webtiles) character file.

Game seed: 12272358153698340854

26376 mopl the Thaumaturge (level 12, 0/81 HPs)
             Began as a Purple Draconian Earth Elementalist on June 3, 2023.
             Was a High Priest of Sif Muna.
             Slain by a cane toad (5 damage)
             ... while petrified by a catoblepas
             ... on level 1 of the Lair of Beasts.
             The game lasted 00:29:39 (14086 turns).

mopl the Thaumaturge (DrEE)                        Turns: 14086, Time: 00:29:39

Health: 0/81       AC:  9    Str: 12    XL:     12   Next: 97%
Magic:  24/27      EV:  2    Int: 26    God:    Sif Muna [*****.]
Gold:   609        SH:  0    Dex: 11    Spells: 23/33 levels left

rFire   . . .        c - +2 dagger (drain)
rCold   . . .        T - +0 buckler
rNeg    + + +        (body armour unavailable)
rPois   ∞            (helmet restricted)
rElec   .            d - +0 cloak
rCorr   .            (no gloves)
SInv    .            (no boots)
Will    +....        V - amulet of reflection
Stlth   ++++         R - +6 ring of intelligence
HPRegen 0.33/turn    E - ring of wizardry
MPRegen 0.20/turn

%: reflection, wizardry (x1)
@: petrified
A: breathe power, AC +8, unfitting armour, cold-blooded
a: Breathe Dispelling Energy, Renounce Religion, Channel Magic, Forget Spell,
Divine Exegesis


You were on level 1 of the Lair of Beasts.
You worshipped Sif Muna.
Sif Muna was extremely pleased with you.
You visited 2 branches of the dungeon, and saw 12 of its levels.
You also visited: Sewer and Bailey.

You collected 609 gold pieces.

Inventory:

Hand Weapons
 c - a +2 dagger of draining (weapon)
 z - a +1 dagger of venom
 P - a +2 scimitar of flaming
Missiles
 k - 68 poisoned darts
 q - a boomerang of dispersal
 N - 5 curare-tipped darts
Armour
 d - a +0 cloak (worn)
 D - a +0 kite shield
 T - a +0 buckler (worn)
 W - an orb of energy
Jewellery
 B - a ring of ice
 E - a ring of wizardry (right hand)
 F - a ring of protection from fire
 R - a +6 ring of intelligence (left hand)
 V - an amulet of reflection (around neck)
Wands
 h - a wand of flame (38)
 i - a wand of mindburst (15)
 x - a wand of roots (16)
 C - a wand of charming (7)
 O - a wand of digging (3)
Scrolls
 f - 8 scrolls of teleportation {unknown}
 g - 3 scrolls of fear {unknown}
 j - a scroll of vulnerability {unknown}
 l - 2 scrolls of magic mapping {unknown}
 m - a scroll of immolation {unknown}
 o - 4 scrolls of brand weapon {unknown}
 p - a scroll of poison {unknown}
 w - 2 scrolls of enchant weapon {unknown}
 A - 3 scrolls of acquirement {unknown}
 G - a scroll of fog {unknown}
Potions
 a - 5 potions of magic
 b - 4 potions of curing
 e - 2 potions of resistance
 n - a potion of lignification {!q}
 r - 2 potions of invisibility
 t - 2 potions of haste
 u - 2 potions of brilliance
 v - a potion of might
 J - 2 potions of heal wounds
 K - 2 potions of ambrosia
Miscellaneous
 L - a piece from Xom's chessboard (15/15)


   Skills:
 - Level 1.7 Dodging
 - Level 10.0 Stealth
 + Level 7.0 Shields
 + Level 11.1 Spellcasting
 + Level 9.9 Transmutations
 + Level 10.3 Earth Magic
 + Level 8.7 Invocations


You had 23 spell levels left.
You knew the following spells:

 Your Spells              Type           Power      Damage    Failure   Level
a - Sandblast             Erth           100%       2d20      1%          1
b - Petrify               Tmut/Erth      61%        N/A       1%          4
c - Stone Arrow           Conj/Erth      82%        3d12      1%          3
p - Passwall              Tmut/Erth      50%        N/A       1%          2

Your spell library contained the following spells:

 Spells                   Type           Power      Damage    Failure   Level
 Sting                    Tmut/Pois      100%       1d8       1%          1
 Freeze                   Ice            56%        1d7       2%          1
 Magic Dart               Conj           56%        1d5       2%          1
 Cigotuvi's Dreadful Rot  Necr/Pois/Air  28%        N/A       3%          2
 Poisonous Vapours        Pois/Air       28%        N/A       3%          2
 Searing Ray              Conj           28%        2d5       3%          2
 Static Discharge         Conj/Air       28%        2-4/arc   3%          2
 Frozen Ramparts          Ice            28%        1d5       6%          3
 Hailstorm                Conj/Ice       14%        3d5       6%          3
 Airstrike                Air            7%         2d(1-17)  21%         4
 Dispel Undead            Necr           14%        3d10      21%         4
 Fulminant Prism          Conj/Hex       7%         3d6       21%         4
 Olgreb's Toxic Radiance  Pois           14%        N/A       21%         4
 Summon Lightning Spire   Summ/Air       14%        N/A       21%         4
 Death Channel            Necr           7%         N/A       96%         6


Dungeon Overview and Level Annotations

Branches:
Dungeon (11/15)            Temple (0/1) D:6            Lair (1/5) D:10
  Sewer (visited)          Bailey (visited)
    Orc: D:9-12

Altars:
Ashenzari
Dithmenos
Elyvilon
Nemelex Xobeh
Ru
Sif Muna
Trog
Uskayaw
Zin
The Shining One
Jiyva

Shops:
D:2 =

Annotations:
D:9 2 transporters
Lair:1 exclusion: catoblepas


Innate Abilities, Weirdness & Mutations

You can breathe bolts of dispelling energy.
Your rich purple scales are hard. (AC +8)
You cannot fit into any form of body armour.
You are cold-blooded and may be slowed by cold attacks.


Message History

The catoblepas breathes a plume of calcifying dust at you.
The blast of calcifying dust hits you but does no damage.
The blast of calcifying dust hits the plant.
The plant begins to die.
You begin to meditate on the wall.
You continue meditating on the rock.
You are engulfed in calcifying dust.
The plant is engulfed in calcifying dust.
The catoblepas misses you.
You continue meditating on the rock.
You are engulfed in calcifying dust.
You are slowing down.
The plant is engulfed in calcifying dust.
The plant turns to stone!
The catoblepas breathes a plume of calcifying dust at you.
The blast of calcifying dust hits you!
The blast of calcifying dust hits the plant!
You finish merging with the rock.
Unknown command.
Unknown command.
Your limbs are stiffening.
Casting: Passwall (safe; 1% risk of failure)
Confirm with . or Enter, or press ? or * to list all spells.
Aiming: Sandblast (safe; 1% risk of failure)
Press: ? - help, Shift-Dir - straight line, f - cane toad
Aim: a cane toad (almost dead, 87% to hit)
The blast of sand hits the cane toad but does no damage.
The cane toad is almost dead.
The cane toad barely misses you. The cane toad stings you.
You have turned to stone.
The cane toad stings you!!
* * * LOW HITPOINT WARNING * * *
The cane toad stings you!
* * * LOW HITPOINT WARNING * * *
The cane toad stings you!
* * * LOW HITPOINT WARNING * * *
The cane toad stings you!
* * * LOW HITPOINT WARNING * * *
The cane toad stings you but does no damage.
The cane toad stings you!
You die...

...........# ...........#
. #. ..........# . .#
#....>...# .. #......#
#.. #......# #.. ##....#
...# #.§##@F...#..# . ...
####..P###...#..#.Y.#..#
.......§#...#...........
........YF.#...#........#
..............#..♣.♣.##..
..............#.......#..
..................>......
..............#?.........
...........#..##.♣.♣.....


You could see a cane toad.

Vanquished Creatures
  Erica (D:10)
  An ogre mage (D:10)
  8 two-headed ogres
  2 boulder beetles
  Sonja (D:10)
  Pikel (D:5)
  2 cyclopes
  3 elephants (Lair:1)
  A black mamba (Lair:1)
  A gargoyle (D:9)
  2 vault sentinels
  2 cane toads (Lair:1)
  A komodo dragon (Lair:1)
  A polar bear (Lair:1)
  A hornet (D:9)
  3 trolls (D:10)
  2 wyverns
  5 spriggans (Bailey)
  2 shadows
  3 wraiths
  13 yaks
  2 steam dragons
  2 vampire mosquitoes (D:10)
  Edmund (D:6)
  12 wargs (D:10)
  2 acid dragons (D:11)
  2 water moccasins
  A hell hound (D:10)
  4 ice beasts
  A sky beast (D:8)
  7 orc warriors
  8 ogres
  A black bear (D:5)
  9 wolves (Lair:1)
  A lemure (D:5)
  3 centaurs
  3 phantoms
  5 bullfrogs
  10 kobold brigands
  10 gnoll sergeants
  5 wights (D:8)
  6 killer bees (D:11)
  8 howler monkeys
  A jelly (D:4)
  2 hounds
  11 gnoll boudas
  10 orc priests
  Natasha (thrice) (D:2)
  3 iguanas
  15 orc wizards
  28 gnolls
  11 adders
  5 river rats (Sewer)
  A shadow imp (D:7)
  2 ufetubi
  3 worms
  2 dart slugs
  27 orcs
  13 ball pythons
  7 bats
  6 endoplasms
  4 giant cockroaches
  11 goblins
  10 hobgoblins
  2 jackals (D:3)
  48 kobolds
  5 quokkas
  5 frilled lizards
  25 rats
419 creatures vanquished.

Notes
Turn   | Place    | Note
-------+----------+-------------------------------------------
     0 | D:1      | mopl the Draconian Earth Elementalist began the quest for
                  | the Orb.
     0 | D:1      | Reached XP level 1. HP: 14/14 MP: 3/3
   150 | D:1      | Reached skill level 2 in Stealth
   150 | D:1      | Found a faded altar of an unknown god.
   155 | D:1      | Reached XP level 2. HP: 19/20 MP: 0/5
   631 | D:1      | Learned a level 2 spell: Passwall
   723 | D:1      | Reached XP level 3. HP: 26/26 MP: 1/6
   946 | D:2      | Learned a level 3 spell: Stone Arrow
  1113 | D:2      | Found Xoddanum's Jewellery Boutique.
  1227 | D:2      | Noticed Natasha
  1318 | D:2      | Killed Natasha
  1319 | D:2      | Reached skill level 2 in Transmutations
  1319 | D:2      | Reached XP level 4. HP: 33/33 MP: 1/8
  1385 | D:2      | Noticed Natasha
  1390 | D:2      | Killed Natasha
  1494 | D:2      | Noticed Natasha
  1504 | D:2      | Killed Natasha
  1577 | D:3      | Reached skill level 3 in Spellcasting
  1577 | D:3      | Reached XP level 5. HP: 38/38 MP: 5/9
  1593 | D:3      | Reached skill level 3 in Stealth
  1718 | D:2      | Reached skill level 4 in Earth Magic
  2085 | D:3      | Reached XP level 6. HP: 43/45 MP: 1/11
  2181 | D:3      | Reached skill level 3 in Transmutations
  2532 | D:4      | Found a white marble altar of Elyvilon.
  2729 | D:4      | Found a glowing drain.
  2743 | Sewer    | Entered a sewer
  3005 | Sewer    | Reached skill level 4 in Stealth
  3073 | Sewer    | Your scales start taking on a rich purple colour.
  3073 | Sewer    | Reached skill level 4 in Spellcasting
  3073 | Sewer    | Reached XP level 7. HP: 50/50 MP: 8/14
  3124 | Sewer    | Learned a level 4 spell: Petrify
  3398 | Sewer    | Reached skill level 5 in Spellcasting
  3398 | Sewer    | Reached skill level 5 in Earth Magic
  3781 | D:4      | Reached skill level 4 in Transmutations
  4143 | D:5      | Entered Level 5 of the Dungeon
  4530 | D:5      | Reached skill level 5 in Stealth
  4530 | D:5      | Reached XP level 8. HP: 24/57 MP: 12/16
  4729 | D:5      | Found a bloodstained altar of Trog.
  4732 | D:5      | Found a broken altar of Ashenzari.
  4895 | D:5      | Noticed Pikel
  4908 | D:5      | Killed Pikel
  4909 | D:5      | Reached skill level 6 in Spellcasting
  4909 | D:5      | Reached skill level 5 in Transmutations
  4909 | D:5      | Reached skill level 6 in Earth Magic
  5014 | D:5      | Found a sacrificial altar of Ru.
  5164 | D:5      | Found a hide-covered altar of Uskayaw.
  5169 | D:5      | Found a sparkling altar of Nemelex Xobeh.
  5169 | D:5      | Found a glowing silver altar of Zin.
  5169 | D:5      | Found a shadowy altar of Dithmenos.
  5175 | D:5      | Found a shimmering blue altar of Sif Muna.
  5269 | D:5      | Became a worshipper of Sif Muna the Loreminder
  5321 | D:6      | Found a glowing golden altar of the Shining One.
  5431 | D:6      | Reached skill level 6 in Stealth
  5625 | D:6      | Reached skill level 1 in Invocations
  5625 | D:6      | Reached XP level 9. HP: 62/62 MP: 13/19
  5674 | D:6      | Noticed Edmund
  5694 | D:6      | Killed Edmund
  5695 | D:6      | Reached skill level 7 in Spellcasting
  5826 | D:6      | Reached skill level 6 in Transmutations
  5826 | D:6      | Reached skill level 2 in Invocations
  5998 | D:5      | Reached skill level 7 in Earth Magic
  6098 | D:6      | Reached skill level 3 in Invocations
  6383 | D:6      | Found a staircase to the Ecumenical Temple.
  6522 | D:7      | Reached * piety under Sif Muna
  6538 | D:7      | Reached skill level 7 in Stealth
  6568 | D:7      | Found a flagged portal.
  6580 | Bailey   | Entered a bailey
  6665 | Bailey   | Reached skill level 4 in Invocations
  6721 | Bailey   | Reached skill level 8 in Spellcasting
  6734 | Bailey   | Reached XP level 10. HP: 47/69 MP: 9/22
  6740 | Bailey   | Reached skill level 1 in Shields
  6742 | Bailey   | HP: 1/69 [ogre/+0 halberd (28)]
  6833 | Bailey   | Reached skill level 7 in Transmutations
  7102 | Bailey   | Noticed a two-headed ogre
  7116 | Bailey   | Killed a two-headed ogre
  7117 | Bailey   | Reached skill level 2 in Shields
  7156 | Bailey   | Noticed an orc knight
  7161 | Bailey   | Reached skill level 8 in Earth Magic
  7338 | D:7      | Reached skill level 5 in Invocations
  7806 | D:8      | Reached ** piety under Sif Muna
  7901 | D:8      | Reached skill level 3 in Shields
  8304 | D:9      | Noticed a glowing orange brain
  8304 | D:9      | Found a transporter.
  8304 | D:9      | Found a viscous altar of Jiyva.
  8304 | D:9      | Found a transporter.
  8312 | D:9      | Reached skill level 8 in Stealth
  8515 | D:9      | Noticed a two-headed ogre
  8682 | D:9      | Reached skill level 9 in Spellcasting
  8682 | D:9      | Reached XP level 11. HP: 74/74 MP: 14/24
  8763 | D:9      | Killed a two-headed ogre
  8780 | D:9      | Noticed a two-headed ogre
  8795 | D:9      | Killed a two-headed ogre
  8796 | D:9      | Reached skill level 8 in Transmutations
  8796 | D:9      | Reached skill level 6 in Invocations
  8852 | D:9      | Reached skill level 4 in Shields
  9752 | D:9      | Found the +18 shield of the Gong {Loud rN+ Will+ rCorr
                  | EV-5}
  9791 | D:10     | Entered Level 10 of the Dungeon
  9799 | D:10     | Noticed Sonja
  9799 | D:10     | Noticed a two-headed ogre
  9810 | D:10     | Killed a two-headed ogre
  9812 | D:10     | Killed Sonja
  9908 | D:10     | Noticed Erica
  9943 | D:9      | Reached *** piety under Sif Muna
 10074 | D:10     | Killed Erica
 10075 | D:10     | Reached skill level 9 in Earth Magic
 10254 | D:10     | Reached skill level 5 in Shields
 10380 | D:10     | HP: 2/74 [warg (13)]
 10557 | D:10     | Reached skill level 7 in Invocations
 10642 | D:10     | Reached skill level 9 in Stealth
 10728 | D:10     | Found a staircase to the Lair.
 10806 | D:10     | Reached skill level 10 in Spellcasting
 10945 | D:10     | Noticed a two-headed ogre
 10956 | D:10     | Killed a two-headed ogre
 10984 | D:10     | Reached XP level 12. HP: 81/81 MP: 23/26
 11119 | D:10     | Reached **** piety under Sif Muna
 11304 | D:10     | Reached skill level 9 in Transmutations
 11359 | D:10     | Noticed a two-headed ogre
 11359 | D:10     | Noticed a two-headed ogre
 11359 | D:10     | Noticed a two-headed ogre
 11390 | D:10     | Killed a two-headed ogre
 11393 | D:10     | Killed a two-headed ogre
 11546 | D:10     | Noticed an ogre mage
 11550 | D:10     | Paralysed by an ogre mage for 4 turns
 11558 | D:10     | Killed an ogre mage
 11678 | D:10     | Reached skill level 6 in Shields
 11862 | D:10     | Noticed a boulder beetle
 11887 | D:10     | Killed a boulder beetle
 12027 | D:10     | Killed a two-headed ogre
 12028 | D:10     | Reached skill level 8 in Invocations
 12390 | D:11     | Noticed a boulder beetle
 12406 | D:11     | Killed a boulder beetle
 12407 | D:11     | Reached skill level 10 in Earth Magic
 12682 | D:11     | Reached ***** piety under Sif Muna
 13177 | Lair:1   | Entered Level 1 of the Lair of Beasts
 13213 | Lair:1   | Received a gift from Sif Muna
 13372 | Lair:1   | Reached skill level 10 in Stealth
 13372 | Lair:1   | Reached skill level 11 in Spellcasting
 13686 | Lair:1   | Noticed a catoblepas
 13738 | Lair:1   | Reached skill level 7 in Shields
 14086 | Lair:1   | Slain by a cane toad

Illustrated notes

Levels and vault maps discovered:
D:1:      saegor_arrival_simple_c, layout_basic,
          nicolae_ecumenical_snake_handling
D:2:      layout_rooms, serial_shops, shop, nicolae_titane, uniq_natasha
D:3:      minmay_bubble_buster, layout_basic
D:4:      layout_gridville, lemuel_crystal_altar, portal_sewer_entry_d
D:5:      layout_basic, nicolae_overflow_squiral, nicolae_ru_path_of_blood,
          minitemple, minivault_1, uniq_pikel
D:6:      layout_rooms, tso_metal_star, minmay_temple_entry_poolview,
          uniq_edmund
D:7:      layout_gridville, enter_bailey_4
D:8:      layout_cave_pools, grunt_ministairs_11, minmay_circle_x
D:9:      gammafunk_jiyva_shrine, layout_rooms, hellmonk_guarded_unrand_gong
D:10:     lemuel_castle_with_subvaults [lemuel_castle_interior_original],
          layout_irregular_city, erik_lair_orcish_takeover, uniq_sonja,
          uniq_erica
D:11:     layout_cave_pools
Lair:1:   layout_gridlike, dreamdust_gnoll_shepherd, grunt_megastairs_2,
          infiniplex_staircase_pool_2, lemuel_fruit_tree

Skill      XL: |  1  2  3  4  5  6  7  8  9 10 11 12 |
---------------+-------------------------------------+-----
Stealth        | 2 3 4 5 6 7 8 9 10 | 10.0
Transmutations | 2 3 4 5 6 7 8 9 |  9.9
Spellcasting   | 3 4 5 6 8 9 10 11 | 11.1
Earth Magic    | 4 5 6 7 8 9 10 | 10.3
Invocations    | 1 4 5 7 8 |  8.7
Shields        | 3 5 7 |  7.0
Dodging        | |  1.7

Action                     |  1- 3 |  4- 6 |  7- 9 | 10-12 || total
---------------------------+-------+-------+-------+-------++-------
  Melee: Dagger            |    39 |    22 |    56 |   201 ||   318
         Tailslap          |     2 |     4 |    16 |    48 ||    70
         Punch             |       |       |       |     2 ||     2
   Cast: Sandblast         |    52 |   133 |   183 |   330 ||   698
         Petrify           |       |       |    18 |    85 ||   103
         Passwall          |       |       |       |     7 ||     7
Ability: Breathe Dispellin |       |       |     1 |     7 ||     8
  Evoke: Wand              |       |       |       |     7 ||     7
    Use: Scroll            |       |       |     7 |     8 ||    15
         Potion            |       |       |       |     1 ||     1
   Stab: Sleeping          |       |     2 |       |     7 ||     9
         Petrified         |       |       |    23 |   124 ||   147
         Petrifying        |       |       |     2 |     9 ||    11
 Armour: Skin              |    27 |    34 |    55 |   104 ||   220
  Dodge: Dodged            |    53 |    76 |   111 |   248 ||   488
  Block: Buckler           |       |       |       |    70 ||    70

Table legend: (Time is in decaauts)
 A = Elapsed time spent in this place.
 B = Non-inter-level travel time spent in this place.
 C = Inter-level travel time spent in this place.
 D = Time resting spent in this place.
 E = Time spent auto-exploring this place.
 F = Levels seen in this place.
 G = Mean time per level.
                   A        B        C        D        E       F      G
               +--------+--------+--------+--------+--------+-----+--------+
         Total |  14556 |  14214 |    342 |   4739 |   5804 |  14 | 1039.7 |
       Dungeon |  12048 |  11706 |    342 |   3636 |   5156 |  11 | 1095.3 |
          Lair |    929 |    929 |      0 |    359 |    303 |   1 |  929.0 |
         Sewer |    901 |    901 |      0 |    334 |    311 |   1 |  901.0 |
        Bailey |    677 |    677 |      0 |    410 |     32 |   1 |  677.0 |
               +--------+--------+--------+--------+--------+-----+--------+

Top non-repeatable levels by time:
    D:10: 2409 daAuts
     D:5: 1432 daAuts
     D:8: 1331 daAuts
     D:1: 1004 daAuts
     D:9: 966 daAuts
     D:6: 963 daAuts
  Lair:1: 929 daAuts
     D:3: 918 daAuts
   Sewer: 901 daAuts
    D:11: 847 daAuts
     D:4: 789 daAuts
     D:7: 714 daAuts
  Bailey: 677 daAuts
     D:2: 669 daAuts
